 Dungeon Crawl Stone Soup version 0.17-a0-1840-g87820a2 (webtiles) character file.

1658 slowcore the Grappler (level 8, -5/80 HPs)
             Began as a Troll Monk on Sept 16, 2015.
             Was a Priest of Cheibriados.
             Killed from afar by an orc wizard (10 damage)
             ... with a magic dart
             ... on level 6 of the Dungeon.
             The game lasted 00:11:04 (5170 turns).

slowcore the Grappler (Troll Monk)                  Turns: 5170, Time: 00:11:05

Health: -5/80      AC:  6    Str: 28    XL:     8   Next: 68%
Magic:  8/8        EV: 11    Int: 14    God:    Cheibriados [***...]
Gold:   268        SH:  0    Dex: 22    Spells: 0 memorised, 7 levels left

rFire  + . .     SeeInvis +       - Unarmed
rCold  . . .     Clarity  +     a - +0 robe
rNeg   . . .     SustAt   .     (no shield)
rPois  .         Gourm    +     (helmet restricted)
rElec  .         Spirit   .     B - +0 cloak
rCorr  .         Warding  .     (gloves unavailable)
rMut   .         Stasis   .     (boots unavailable)
MR     .....                    v - amulet of clarity
Stlth  ++........               C - ring of protection from fire
                                z - ring of see invisible

@: hasted, not resistant to hostile enchantments, unstealthy
A: unfitting armour, claws 3, fast metabolism 3, gourmand, regeneration 2,
shaggy fur 1, tough skin 2
a: Bend Time, Temporal Distortion, Renounce Religion


You were on level 6 of the Dungeon.
You worshipped Cheibriados.
Cheibriados was most pleased with you.
You were very full.

You visited 2 branches of the dungeon, and saw 7 of its levels.

You collected 268 gold pieces.

Inventory:

Armour
 a - a +0 robe (worn)
 q - a +0 cloak
 B - a +0 cloak (worn)
Jewellery
 e - an uncursed ring of fire
 v - an amulet of clarity (around neck)
 x - an uncursed ring of stealth
 z - a ring of see invisible (left claw)
 C - a ring of protection from fire (right claw)
Scrolls
 c - 3 scrolls of teleportation {unknown}
 h - 2 scrolls of enchant weapon {unknown}
 i - 2 scrolls of random uselessness {unknown}
 j - 5 scrolls of identify {unknown}
 m - 2 scrolls of fear {unknown}
 o - 5 scrolls of recharging {unknown}
 r - a scroll of immolation {unknown}
 t - 4 scrolls of amnesia {unknown}
 u - 3 scrolls of magic mapping {unknown}
 y - 2 scrolls of remove curse {unknown}
Potions
 d - 2 potions of haste
 l - 2 potions of lignification {unknown}
 n - a potion of might {unknown}
 s - a potion of resistance {unknown}
 w - 2 potions of heal wounds {unknown}
 A - a potion of agility {unknown}
 D - a potion of beneficial mutation {unknown}
 E - a potion of berserk rage {unknown}
Comestibles
 b - 7 bread rations
 f - a slice of pizza
 g - 5 meat rations
 p - 3 beef jerkies


   Skills:
 - Level 5.1 Fighting
 - Level 2.4 Dodging
 - Level 1.1 Stealth
 * Level 10.0 Unarmed Combat
 + Level 2.5 Invocations


You had 7 spell levels left.
You didn't know any spells.

Dungeon Overview and Level Annotations

Branches:
Dungeon (6/15)             Temple (1/1) D:4

Altars:
Ashenzari
Cheibriados
Dithmenos
Elyvilon
Fedhas
Gozag
Kikubaaqudgha
Makhleb
Nemelex Xobeh
Qazlal
Ru
Xom
Yredelemnul
Zin
The Shining One

Annotations:
D:3 Grinder


Innate Abilities, Weirdness & Mutations

You are too large for most types of armour.
You have claws for hands.
Your metabolism is lightning-fast.
You like to eat raw meat.
You heal very quickly.
You are covered in fur (AC +1).
You have very tough skin (AC +2).


Message History

The orc closely misses you. The orc wizard barely misses you.
You scratch the orc wizard.
The orc wizard is heavily wounded.
The orc hits you with a dagger.
* * * LOW HITPOINT WARNING * * *
You closely miss the orc wizard.
The orc wizard is heavily wounded.
The orc hits you from afar with a trident.
* * * LOW HITPOINT WARNING * * *
The orc wizard casts a spell at you. The magic dart hits you!
* * * LOW HITPOINT WARNING * * *
Drink which item? (? for menu, Esc to quit)
It was a potion of haste.
You feel yourself speed up.
Cheibriados forgives your accidental hurry, just this once.
The orc hits you with a dagger.
* * * LOW HITPOINT WARNING * * *
The orc wizard points at you and mumbles some strange words.
The magic dart hits you!
You die...

...........##
._.........#
......[..###
...##...# ..
#...#
...###..######
.............# .
.......)oo##....
#.#....)@.o.....
# #........#....
#.#.####?# #..
#.#. .# # .. .#
..# #..


You could see an orc wizard and 2 orcs.

Vanquished Creatures
  A wraith (D:6)
  Sigmund (D:3)
  A sky beast (D:5)
  2 ice beasts (D:5)
  An orc warrior (D:6)
  An ogre (D:4)
  A giant frog (D:6)
  A scorpion (D:5)
  3 crimson imps
  A gnoll shaman (D:6)
  A jelly (D:6)
  2 hounds
  Crazy Yiuf (D:2)
  Ijyb (D:2)
  An iguana (D:4)
  An orc wizard (D:6)
  4 orc priests (D:6)
  Terence (D:2)
  A worker ant (D:5)
  6 gnolls (D:6)
  5 adders
  An ooze (D:1)
  5 worms
  18 orcs
  A ball python (D:3)
  5 giant cockroaches
  11 goblins
  9 hobgoblins
  2 jackals (D:2)
  7 kobolds
  4 quokkas
  11 bats
  2 giant geckos
  2 giant newts
  3 goblin skeletons (D:6)
  A goblin zombie (D:6)
  3 hobgoblin zombies (D:6)
  A kobold zombie (D:6)
  2 orc zombies (D:6)
  2 quokka skeletons
  9 rats
136 creatures vanquished.

Notes
Turn   | Place    | Note
--------------------------------------------------------------
     0 | D:1      | slowcore the Troll Monk began the quest for the Orb.
     0 | D:1      | Reached XP level 1. HP: 22/22 MP: 0/0
    66 | D:1      | Reached XP level 2. HP: 18/29 MP: 1/1
   388 | D:1      | Reached skill level 5 in Unarmed Combat
   388 | D:1      | Reached XP level 3. HP: 36/36 MP: 2/2
   679 | D:2      | Found a sacrificial altar of Ru.
   698 | D:2      | Noticed Ijyb
   709 | D:2      | Killed Ijyb
   709 | D:2      | Reached XP level 4. HP: 44/44 MP: 3/3
   715 | D:2      | Found a basalt altar of Yredelemnul.
   716 | D:2      | Found a shadowy altar of Dithmenos.
   779 | D:2      | Noticed Terence
   793 | D:2      | Killed Terence
   793 | D:2      | Reached skill level 6 in Unarmed Combat
   895 | D:2      | Noticed Crazy Yiuf
   900 | D:2      | Killed Crazy Yiuf
  1248 | D:2      | Reached XP level 5. HP: 50/50 MP: 4/4
  1419 | D:3      | Noticed Grinder
  1654 | D:3      | Noticed Sigmund
  1674 | D:3      | Killed Sigmund
  1674 | D:3      | Reached skill level 7 in Unarmed Combat
  1674 | D:3      | Reached XP level 6. HP: 39/61 MP: 5/5
  3226 | D:4      | Found a staircase to the Ecumenical Temple.
  3233 | Temple   | Entered the Ecumenical Temple
  3244 | Temple   | Became a worshipper of Cheibriados the Contemplative
  3244 | Temple   | Acquired Cheibriados's first power
  3305 | D:4      | Reached XP level 7. HP: 66/68 MP: 6/6
  3539 | D:5      | Entered Level 5 of the Dungeon
  3739 | D:5      | Reached skill level 8 in Unarmed Combat
  4734 | D:5      | Reached XP level 8. HP: 79/79 MP: 7/7
  4838 | D:6      | Reached skill level 9 in Unarmed Combat
  4858 | D:6      | Acquired Cheibriados's second power
  4929 | D:6      | Found a glowing golden altar of the Shining One.
  4975 | D:6      | Reached skill level 1 in Invocations
  5055 | D:6      | Reached skill level 5 in Fighting
  5144 | D:6      | Found a stormy altar of Qazlal.
  5164 | D:6      | Reached skill level 10 in Unarmed Combat
  5170 | D:6      | Killed from afar by an orc wizard

Vault maps used:
D:1:      mrwooster_arrival_statue_3
D:2:      gammafunk_temple_overflow_pools, nicolae_ru_sacrificial_ziggurat,
          uniq_terence, uniq_iyjb, uniq_crazy_yiuf_cottage
D:3:      uniq_grinder, uniq_sigmund
D:4:      minmay_temple_entry_overgrown, first_bread
D:6:      grunt_temple_overflow_open, nicolae_tso_besieged_by_evil
Temple:   circular_temple_13

Action                   |  1- 3 |  4- 6 |  7- 9 || total
-------------------------+-------+-------+-------++-------
Melee: Unarmed           |   111 |   146 |   116 ||   373
  Use: Potion            |       |       |     5 ||     5
 Stab: Sleeping          |     1 |     4 |     1 ||     6
  Eat: Chunk             |     5 |    19 |    16 ||    40
       Meat ration       |       |     1 |       ||     1
